 Dungeon Sprint DCSS version 0.27-a0-1319-geec4fb4e21 (webtiles) character file.

Game seed: 13297723535212712942

14296 mhtbhm the Sorcerer (level 11, -25/47 HPs)
             Began as a Spriggan Earth Elementalist on June 21, 2021.
             Was the Champion of Vehumet.
             Killed from afar by Frances (53 damage)
             ... with a shard of ice
             ... in the Dungeon (Sprint III: "The Ten Rune Challenge").
             The game lasted 00:09:34 (3486 turns).

mhtbhm the Sorcerer (Spriggan Earth Elementalist)   Turns: 3486, Time: 00:09:35

Health: -25/47     AC:  3    Str:  6    XL:     11   Next: 86%
Magic:  23/38      EV: 10    Int: 22    God:    Vehumet [******]
Gold:   3803       SH:  0    Dex: 14    Spells: 25/55 levels left

rFire    . . .     SeeInvis +   o - +2 quarterstaff (chaos)
rCold    . . .     Faith    .   (shield currently unavailable)
rNeg     . . .     Spirit   .   b - +0 robe
rPois    .         Reflect  .   (helmet restricted)
rElec    .         Harm     .   n - +0 cloak
rCorr    .         Rampage  .   (gloves unavailable)
Will     +....     NoTele   +   (boots unavailable)
Stlth    +++.......             (no amulet)
HPRegen  0.15/turn              (no ring)
MPRegen  0.26/turn              (no ring)

@: held, hasted and slowed, very quick
A: very small, no large weapons, unfitting armour, see invisible, speed 3,
clever 1, clumsy 1, strong 1
a: Renounce Religion


You were in the Dungeon.
You worshipped Vehumet.
Vehumet was exalted by your worship.
You visited 1 branch You collected 3803 gold pieces.

Inventory:

Hand Weapons
 o - a +2 quarterstaff of chaos (weapon)
Missiles
 i - a stone
Armour
 b - a +0 robe (worn)
 n - a +0 cloak (worn)
Wands
 p - a wand of flame (22)
Scrolls
 a - a scroll of magic mapping
 j - a scroll of torment
 k - a scroll of identify
 l - a scroll of holy word
Potions
 c - 2 potions of curing
 d - a potion of heal wounds
 e - a potion of haste
 f - a potion of magic
 g - 2 potions of berserk rage
 m - 4 potions of mutation
 q - a potion of might
Miscellaneous
 r - a phantom mirror


   Skills:
 + Level 5.7 Dodging
 + Level 6.2 Stealth
 + Level 22.7 Spellcasting
 + Level 2.4 Conjurations
 + Level 2.6 Transmutations
 + Level 1.2 Fire Magic
 + Level 17.8 Earth Magic
 + Level 2.0 Poison Magic
 + Level 0.7 Evocations


You had 25 spell levels left.
You knew the following spells:

 Your Spells              Type           Power      Damage    Failure   Level
a - Sandblast             Erth           100%       2d20      0%          1
b - Passwall              Tmut/Erth      52%        N/A       1%          2
c - Stone Arrow           Conj/Erth      100%       3d13      1%          3
d - Lee's Rapid Deconstr  Erth           40%        3d21*     1%          5
e - Petrify               Tmut/Erth      63%        N/A       1%          4
f - Olgreb's Toxic Radia  Pois           33%        N/A       1%          4
g - Bolt of Magma         Conj/Fire/Erth 27%        4d13      1%          5
h - Iron Shot             Conj/Erth      31%        9d6       1%          6

Your spell library contained the following spells:

 Spells                   Type           Power      Damage    Failure   Level
 Eringya's Noxious Bog    Tmut/Pois      17%        N/A       24%         6
 Summon Small Mammal      Summ           96%        N/A       1%          1
 Call Imp                 Summ           24%        N/A       2%          2
 Call Canine Familiar     Summ           24%        N/A       4%          3
 Summon Guardian Golem    Hex/Summ       24%        N/A       4%          3
 Summon Ice Beast         Ice/Summ       24%        N/A       16%         4
 Summon Lightning Spire   Summ/Air       24%        N/A       16%         4


Dungeon Overview and Level Annotations

Branches:
Dungeon (1/1)

Altars:
Cheibriados
Dithmenos
Elyvilon
Fedhas
Gozag
Hepliaklqana
Kikubaaqudgha
Makhleb
Nemelex Xobeh
Okawaru
Qazlal
Ru
Sif Muna
Trog
Uskayaw
Vehumet
Wu Jian
Xom
Yredelemnul
Zin
The Shining One
Beogh
Jiyva
Lugonu

Shops:
D [

Annotations:
D Donald, Frances


Innate Abilities, Weirdness & Mutations

You are very small and have problems with some larger weapons.
You are too small for most types of armour.
You have supernaturally acute eyesight. (SInv)
You cover ground extremely quickly. (Speed+++)
Your mind is acute. (Int +2)
You are clumsy. (Dex -2)
Your muscles are strong. (Str +2)


Message History

An open door.
The stone door frame shatters!
The blast of rock fragments hits Frances!!
Frances is lightly wounded.
Donald shouts!
Frances throws a curare-tipped dart.
The curare-tipped dart misses you.
Unknown command.
Unknown command.
Casting: Lee's Rapid Deconstruction (safe; 1% risk of failure)
Confirm with . or Enter, or press ? or * to list all spells.
Aiming: Lee's Rapid Deconstruction (safe; 1% risk of failure)
Press: ? - help, Dir - move target, p - Frances An open door to the Lair of Beasts.
The stone door frame shatters!
The blast of rock fragments hits the plant!!
The plant begins to die.
The plant is lightly damaged.
The blast of rock fragments hits Frances!!!
Frances is heavily wounded.
You hear a roar!
The sixfirhy drops a net on you.
You become entangled in the net!
Unknown command.
Unknown command.
Unknown command.
Casting: Lee's Rapid Deconstruction (safe; 1% risk of failure)
Confirm with . or Enter, or press ? or * to list all spells.
Aiming: Lee's Rapid Deconstruction (safe; 1% risk of failure)
Press: ? - help, Dir - move target A rock wall.
The wall shatters!
The blast of rock fragments hits the plant!!
The plant is moderately damaged.
The blast of rock fragments hits Frances!!
Frances is severely wounded.
The blast of rock fragments hits Donald!
Donald is moderately wounded.
Frances mutters in a terrible tongue.
The shard of ice hits you!!!
Ouch! That really hurt!
You die...

....#).∩..#.##.#.)...# ).|)
###'#).##.##.######### ###
#..)#)#####################
#...#)...#)#.#....)#.^..^.+
#...##)#).#.##.###.#......#
#...)##)#.#.##.#..##......#
'...#.).#..#..##..'.......#
▓▓▓▓▓▓▓▓▓▓▓▓▓▓▓▓▓▓#.......#
♣≈≈≈........≈≈≈.@.#.^^.^^.#
'♣≈≈≈≈≈≈≈≈≈≈≈≈♣♣P.@@.^^...#
♣♣♣♣♣♣♣♣♣♣♣♣♣♣♣♣PP#.3....^#
♣♣ ♣♣♣##'###### '♣ ..+ †#
..# ## ..# #. ### #.##


You could see Frances (fast), Donald and a sixfirhy (summoned).

Vanquished Creatures
  A deep elf demonologist (D)
  3 deep elf annihilators (D)
  A deep elf death mage (D)
  A deep elf high priest (D)
  Erolcha (D)
  2 deep elf knights (D)
  A lindwurm (D)
  2 deep elf zephyrmancers (D)
  2 deep elf pyromancers (D)
  An orc sorcerer (D)
  2 cane toads (D)
  A rime drake (D)
  A komodo dragon (D)
  2 tyrant leeches (D)
  5 redbacks (D)
  3 wandering mushrooms (D)
  A shadow (D)
  A spatial vortex (D)
  A swamp drake (D)
  3 orc warriors (D)
  A necrophage (D)
  5 two-headed ogres (D)
  A water elemental (D)
  A jelly (D)
  Crazy Yiuf (D)
  Jessica (D)
  A necromancer (D)
  A wizard (D)
  4 orc wizards (D)
  3 humans (D)
  A kobold demonologist (D)
  10 orcs (D)
  2 endoplasms (D)
  A rat (D)
68 creatures vanquished.

Notes
Turn   | Place    | Note
-------+----------+-------------------------------------------
     0 | D        | mhtbhm the Spriggan Earth Elementalist began the quest for
                  | the Orb.
     0 | D        | Reached XP level 1. HP: 9/9 MP: 5/5
     5 | D        | Reached skill level 3 in Spellcasting
    40 | D        | Noticed Jessica
    42 | D        | Killed Jessica
    43 | D        | Reached skill level 4 in Spellcasting
    43 | D        | Reached XP level 2. HP: 13/13 MP: 4/8
    43 | D        | Reached XP level 3. HP: 16/16 MP: 4/9
   149 | D        | Reached skill level 5 in Spellcasting
   149 | D        | Reached skill level 5 in Earth Magic
   230 | D        | Learned a level 2 spell: Passwall
   234 | D        | Learned a level 3 spell: Stone Arrow
   254 | D        | Gained mutation: Your muscles are strong. (Str +2) [potion
                  | of mutation]
   254 | D        | Gained mutation: You are clumsy. (Dex -2) [potion of
                  | mutation]
   254 | D        | Gained mutation: Your mind is acute. (Int +2) [potion of
                  | mutation]
   258 | D        | Noticed Crazy Yiuf
   262 | D        | Killed Crazy Yiuf
   263 | D        | Reached skill level 6 in Spellcasting
   263 | D        | Reached XP level 4. HP: 21/21 MP: 8/13
   313 | D        | Noticed a water elemental
   318 | D        | Killed a water elemental
   319 | D        | Reached skill level 7 in Spellcasting
   365 | D        | Found a radiant altar of Vehumet.
   365 | D        | Found a shimmering blue altar of Sif Muna.
   365 | D        | Found an ancient bone altar of Kikubaaqudgha.
   365 | D        | Noticed a wizard
   366 | D        | Killed a wizard
   367 | D        | Reached skill level 8 in Spellcasting
   367 | D        | Reached XP level 5. HP: 24/24 MP: 11/16
   375 | D        | Became a worshipper of Vehumet
   435 | D        | Learned a level 5 spell: Lee's Rapid Deconstruction
   440 | D        | Learned a level 4 spell: Petrify
   454 | D        | Found a basalt altar of Yredelemnul.
   454 | D        | Found a shadowy altar of Dithmenos.
   454 | D        | Found a sacrificial altar of Ru.
   454 | D        | Noticed a necrophage
   457 | D        | Killed a necrophage
   458 | D        | Reached skill level 9 in Spellcasting
   458 | D        | Reached XP level 6. HP: 19/28 MP: 1/19
   572 | D        | Found a glowing silver altar of Zin.
   572 | D        | Found a glowing golden altar of the Shining One.
   572 | D        | Found a white marble altar of Elyvilon.
   572 | D        | Noticed a deep elf pyromancer
   574 | D        | Killed a deep elf pyromancer
   574 | D        | Reached * piety under Vehumet
   574 | D        | Offered knowledge of Shock by Vehumet.
   575 | D        | Reached skill level 5 in Dodging
   575 | D        | Reached skill level 5 in Stealth
   575 | D        | Reached skill level 12 in Spellcasting
   575 | D        | Reached skill level 1 in Conjurations
   575 | D        | Reached skill level 10 in Earth Magic
   575 | D        | Reached XP level 7. HP: 32/32 MP: 9/24
   658 | D        | Found a hide-covered altar of Uskayaw.
   658 | D        | Found an iron altar of Okawaru.
   658 | D        | Found a bloodstained altar of Trog.
   658 | D        | Found an ornate altar of the Wu Jian Council.
   658 | D        | Noticed a human
   658 | D        | Noticed a human
   660 | D        | Killed a human
   661 | D        | Reached skill level 13 in Spellcasting
   661 | D        | Killed a human
   742 | D        | Offered knowledge of Magic Dart by Vehumet.
   742 | D        | Reached ** piety under Vehumet
   742 | D        | Noticed a shadow
   743 | D        | Reached XP level 8. HP: 36/36 MP: 20/26
   795 | D        | Found a blossoming altar of Fedhas.
   795 | D        | Found a stormy altar of Qazlal.
   795 | D        | Found a snail-covered altar of Cheibriados.
   795 | D        | Found a burning altar of Makhleb.
   795 | D        | Found a shimmering altar of Xom.
   796 | D        | Found a hazy altar of Hepliaklqana.
   796 | D        | Found an opulent altar of Gozag.
   796 | D        | Found a sparkling altar of Nemelex Xobeh.
   796 | D        | Found a corrupted altar of Lugonu.
   796 | D        | Found a viscous altar of Jiyva.
   802 | D        | Reached skill level 14 in Spellcasting
   916 | D        | Offered knowledge of Static Discharge by Vehumet.
   916 | D        | Reached *** piety under Vehumet
  1029 | D        | Noticed Erolcha
  1030 | D        | Noticed a two-headed ogre
  1033 | D        | Noticed a two-headed ogre
  1035 | D        | Killed Erolcha
  1036 | D        | Reached skill level 15 in Spellcasting
  1036 | D        | Reached XP level 9. HP: 39/39 MP: 3/29
  1047 | D        | Killed a two-headed ogre
  1047 | D        | Offered knowledge of Ignite Poison by Vehumet.
  1048 | D        | Reached skill level 16 in Spellcasting
  1111 | D        | Killed a two-headed ogre
  1265 | D        | Reached **** piety under Vehumet
  1265 | D        | Offered knowledge of Olgreb's Toxic Radiance by Vehumet.
  1279 | D        | Reached skill level 17 in Spellcasting
  1320 | D        | Learned a level 4 spell: Olgreb's Toxic Radiance
  1338 | D        | Found Kaz Lago's Antique Armour Emporium.
  1338 | D        | Noticed an orc sorcerer
  1343 | D        | Reached ***** piety under Vehumet
  1343 | D        | Offered knowledge of Freezing Cloud by Vehumet.
  1347 | D        | Killed an orc sorcerer
  1624 | D        | Noticed a deep elf zephyrmancer
  1624 | D        | Noticed a deep elf knight
  1624 | D        | Noticed a deep elf zephyrmancer
  1624 | D        | Noticed a deep elf pyromancer
  1624 | D        | Noticed a deep elf knight
  1635 | D        | Killed a deep elf pyromancer
  1635 | D        | Reached ****** piety under Vehumet
  1635 | D        | Offered knowledge of Bolt of Magma by Vehumet.
  1636 | D        | Reached skill level 18 in Spellcasting
  1636 | D        | Reached skill level 1 in Poison Magic
  1636 | D        | Reached XP level 10. HP: 44/44 MP: 30/33
  1636 | D        | Killed a deep elf knight
  1637 | D        | Killed a deep elf zephyrmancer
  1638 | D        | Reached skill level 19 in Spellcasting
  1638 | D        | Reached skill level 15 in Earth Magic
  1638 | D        | Killed a deep elf knight
  1655 | D        | Killed a deep elf zephyrmancer
  1863 | D        | Identified the +7 swamp dragon scales "Jiuwk" {rPois Will+
                  | rCorr Int-4 Slay+3}
  1863 | D        | Noticed a deep elf high priest
  1943 | D        | Noticed a deep elf annihilator
  1989 | D        | Noticed a deep elf annihilator
  1989 | D        | Noticed a deep elf death mage
  2136 | D        | Noticed a deep elf demonologist
  2141 | D        | Noticed an Ice Fiend
  2388 | D        | Learned a level 5 spell: Bolt of Magma
  2429 | D        | Killed a deep elf annihilator
  2430 | D        | Reached skill level 20 in Spellcasting
  2431 | D        | Noticed a deep elf blademaster
  2442 | D        | Killed a deep elf annihilator
  2443 | D        | Reached XP level 11. HP: 47/47 MP: 4/36
  2577 | D        | Killed a deep elf death mage
  2578 | D        | Reached skill level 1 in Fire Magic
  2580 | D        | Noticed a deep elf annihilator
  2724 | D        | Killed a deep elf demonologist
  2724 | D        | Killed a deep elf annihilator
  2724 | D        | Offered knowledge of Ozocubu's Refrigeration by Vehumet.
  2725 | D        | Reached skill level 21 in Spellcasting
  2739 | D        | Killed a deep elf high priest
  3085 | D        | Reached skill level 22 in Spellcasting
  3085 | D        | Offered knowledge of Iron Shot by Vehumet.
  3213 | D        | Learned a level 6 spell: Iron Shot
  3401 | D        | Noticed a lindwurm
  3404 | D        | Killed a lindwurm
  3424 | D        | Offered knowledge of Eringya's Noxious Bog by Vehumet.
  3477 | D        | Noticed Frances
  3478 | D        | Noticed Donald
  3482 | D        | HP: 2/47 [Frances/iron shot (42)]
  3485 | D        | Noticed a sixfirhy
  3486 | D        | Killed from afar by Frances

Illustrated notes

Levels and vault maps discovered:
D:        dungeon_sprint_mu [sprint_mu_entry_forest, sprint_mu_temple_rooms,
          sprint_mu_d1_spiders, sprint_mu_d2_genie, sprint_mu_d3_branching,
          sprint_mu_orc_legion, sprint_mu_elf_gauntlet, sprint_mu_hive_nellie,
          sprint_mu_lair_fedhas, sprint_mu_vaults_butterflies,
          sprint_mu_slime_circle, sprint_mu_shoals_archi,
          sprint_mu_snake_twists, sprint_mu_blade_basic, sprint_mu_crypt_lich,
          sprint_mu_tomb_spiral, sprint_mu_vestibule_basic,
          sprint_mu_gehenna_hellfire, sprint_mu_dis_giant,
          sprint_mu_tartarus_statrot, sprint_mu_cocytus_islands, sprint_mu_zot1]

Skill      XL: |  1  2  3  4  5  6  7  8  9 10 11 |
---------------+----------------------------------+-----
Earth Magic    | 4 5 7 8 10 11 13 14 16 17 | 17.8
Spellcasting   | 4 6 8 9 12 13 15 18 20 22 | 22.7
Dodging        | 3 4 5 |  5.7
Stealth        | 4 5 6 |  6.2
Conjurations   | 1 2 |  2.4
Transmutations | 2 |  2.6
Poison Magic   | 1 2 |  2.0
Fire Magic     | 1 |  1.2
Evocations     | |  0.7

Action                   |  1- 3 |  4- 6 |  7- 9 | 10-12 || total
-------------------------+-------+-------+-------+-------++-------
 Cast: Sandblast         |    21 |     3 |     5 |       ||    29
       Passwall          |     1 |       |       |       ||     1
       Stone Arrow       |       |     3 |     5 |     7 ||    15
       Lee's Rapid Decon |       |     4 |    36 |    54 ||    94
       Olgreb's Toxic Ra |       |       |     1 |     1 ||     2
       Bolt of Magma     |       |       |       |     4 ||     4
       Petrify           |       |       |       |     1 ||     1
Evoke: Phantom mirror    |       |       |       |     1 ||     1
  Use: Potion            |     1 |       |     2 |     4 ||     7
       Scroll            |       |       |     1 |     3 ||     4
Dodge: Dodged            |     3 |       |     5 |     9 ||    17

Table legend: (Time is in decaauts)
 A = Elapsed time spent in this place.
 B = Non-inter-level travel time spent in this place.
 C = Inter-level travel time spent in this place.
 D = Time resting spent in this place.
 E = Time spent auto-exploring this place.
 F = Levels seen in this place.
 G = Mean time per level.
                   A        B        C        D        E       F      G
               +--------+--------+--------+--------+--------+-----+--------+
         Total |   3239 |   3239 |      0 |   2581 |     27 |   1 | 3239.0 |
       Dungeon |   3239 |   3239 |      0 |   2581 |     27 |   1 | 3239.0 |
               +--------+--------+--------+--------+--------+-----+--------+

Top non-repeatable levels by time:
       D: 3239 daAuts
